 Dungeon Crawl Stone Soup version 0.18.1-6-gd335043 (webtiles) character file.

62 DEFE the Shield-Bearer (level 3, -1/31 HPs)
             Began as a Draconian Fighter on May 20, 2016.
             Slain by a goblin
             ... wielding a +0 club
             ... led by Robin
              (2 damage)
             ... on level 2 of the Dungeon.
             The game lasted 00:02:07 (1448 turns).

DEFE the Shield-Bearer (Draconian Fighter)          Turns: 1448, Time: 00:02:08

Health: -1/31      AC:  5    Str: 15 (18) XL:     3   Next: 85%
Magic:  3/3        EV: 10    Int:  6 (9)  God:
Gold:   41         SH:  8    Dex:  9 (10) Spells: 0 memorised, 2 levels left

rFire  . . .     SeeInvis .     a - +0 long sword
rCold  . . .     Gourm    .     (armour unavailable)
rNeg   . . .     Faith    .     b - +0 shield
rPois  .         Spirit   .     (helmet restricted)
rElec  .         Dismiss  .     (no cloak)
rCorr  .         Reflect  .     (no gloves)
SustAt .         Harm     .     (no boots)
MR     .....                    (no amulet)
Stlth  +.........               (no ring)
                                (no ring)

@: slowed, very slow, not resistant to hostile enchantments, very unstealthy
A: unfitting armour, cold-blooded, AC +5
a: no special abilities


You were on level 2 of the Dungeon.
You were hungry.

You visited 1 branch of the dungeon, and saw 2 of its levels.

You collected 41 gold pieces.

Inventory:

Hand Weapons
 a - a +0 long sword (weapon)
Armour
 b - a +0 shield (worn)
Scrolls
 g - a scroll of identify {unknown}
 h - 2 scrolls of remove curse {unknown}
 i - 2 scrolls of enchant weapon {unknown}
 j - a scroll of fog {unknown}
 k - 2 scrolls of blinking {unknown}
 l - a scroll of random uselessness {unknown}
 n - a scroll of noise {unknown}
 o - a scroll of amnesia {unknown}
Potions
 c - 2 potions of might
 f - a potion of lignification {unknown}
 m - a potion of berserk rage {unknown}
 p - a potion of magic {unknown}
Comestibles
 d - a bread ration


   Skills:
 + Level 3.6 Fighting
 + Level 2.6 Long Blades
 + Level 3.2 Dodging
 + Level 3.7 Shields


You had 2 spell levels left.
You didn't know any spells.

Dungeon Overview and Level Annotations

Branches:
Dungeon (2/15)

Altars:

Annotations:
D:2 Robin


Innate Abilities, Weirdness & Mutations

Your plain brown scales are hard (AC +5).
Your body does not fit into most forms of armour.
You are cold-blooded and may be slowed by cold attacks.


Message History

The goblin hits you but does no damage. You block the goblin's attack.
Robin zaps a wand.
You feel as though you will be slow longer.
You are too injured to fight recklessly!
Your shield prevents you from hitting the goblin.
The goblin hits you but does no damage. You block the goblin's attack.
Robin points. "Kill!"
Robin hits you but does no damage. You block the goblin's attack.
The goblin barely misses you.
Robin roars a battlecry!
The goblins go into a battle-frenzy!
Robin hits you with a falchion!
* * * LOW HITPOINT WARNING * * *
Unknown command.
Drink which item? (? for menu, Esc to quit)
It was a potion of degeneration.
There was something very wrong with that liquid.
You feel weakened.
You feel dopey.
You feel clumsy. The goblin hits you but does no damage.
The goblin hits you with a club.
You die...

#.# #..#.. ## #..#.# #.
..#.# #. ..#.# #. #.#.#
#. #.#.#
######g#############.#.#
......)@g............)).
######g###.#####.###.#.#
#. #.#####.###.#.# #.
#............(. #.
#######.##..... #.
.......... ##
###.####### #.. ... #.#
###


You could see Robin and 2 goblins.

Vanquished Creatures
  Ijyb (D:2)
  A worm (D:2)
  2 dart slugs (D:1)
  4 giant geckos
  5 bats
  2 giant cockroaches (D:1)
  A hobgoblin (D:2)
  3 kobolds
  4 goblins
  A rat (D:1)
24 creatures vanquished.

Notes
Turn   | Place    | Note
--------------------------------------------------------------
     0 | D:1      | DEFE the Draconian Fighter began the quest for the Orb.
     0 | D:1      | Reached XP level 1. HP: 19/19 MP: 1/1
   481 | D:1      | Reached XP level 2. HP: 24/26 MP: 2/2
  1129 | D:2      | Reached XP level 3. HP: 10/31 MP: 3/3
  1365 | D:2      | Noticed Ijyb
  1378 | D:2      | Killed Ijyb
  1434 | D:2      | Noticed Robin
  1447 | D:2      | HP: 1/31 [Robin/falchion (7)]
  1448 | D:2      | Slain by a goblin

Skill      XL: |  1  2 |
---------------+-------+-----
Dodging        | 3 |  3.2
Fighting       | |  3.6
Long Blades    | |  2.6
Shields        | |  3.7

Action                   || total
-------------------------++-------
Melee: Long sword        ||    91
       Tailslap          ||    10
  Use: Potion            ||     1
 Stab: Sleeping          ||     1
  Eat: Chunk             ||     1
Armor: Skin              ||    29
Dodge: Dodged            ||    42
Block: Shield            ||    40
